Map: Waterfall

Players

Xana

  • Race: Zerg Zerg
  • League: Bronze
  • Spawn Location: 7:00

ghost - Winner!

  • Race: Terran Terran
  • League: Platinum
  • Spawn Location: 1:00

VOD

Have the link to the VOD?

Description

Time

  • Played on: Aug. 19, 2022, 6:28 a.m.
  • Length: 14:43
Show
View Real Time Build Order
Export as new Build Order

Xana Zerg 

Build Orders: Hatch First, Roach Hydra 

Get SALT Encoding   

  12  0:00  Drone  
  13  0:12  Overlord  
  13  0:19  Drone  
  14  0:30  Drone x2  
  16  0:51  Hatchery  
  16  0:52  Drone  
  16  1:00  Drone  
  16  1:02  Drone  
  18  1:13  Extractor  
  18  1:16  Spawning Pool  
  16  1:20  Drone  
  16  1:21  Drone  
  18  1:28  Drone  
  19  1:39  Drone  
  20  1:49  Drone  
  21  2:06  Queen  
  21  2:07  Queen  
  21  2:08  Zergling x4  
  26  2:12  Drone  
  28  2:25  Hatchery  
  27  2:34  Overlord  
  27  2:37  Overlord  
  27  2:40  Drone  
  28  2:54  Queen  
  28  2:56  Drone x3  
  33  2:59  Drone  
  33  3:03  Metabolic Boost  
  34  3:10  Drone  
  34  3:11  Drone  
  36  3:31  Drone  
  36  3:32  Roach Warren  
  36  3:39  Drone x5  
  36  3:40  Drone x3  
  44  3:45  Extractor  
  44  3:47  Lair  
  43  3:51  Overlord  
  43  4:03  Overlord  
  43  4:04  Overlord  
  43  4:13  Roach x5  
  53  4:18  Drone  
  53  4:19  Drone  
  53  4:20  Drone  
  53  4:23  Drone  
  57  4:29  Zergling x8  
  61  4:34  Queen  
  61  4:35  Queen  
  65  4:48  Spore Crawler  
  65  4:49  Spore Crawler  
  63  4:55  Drone x2  
  63  4:56  Drone  
  66  5:02  Spore Crawler  
  66  5:05  Glial Reconstitution  
  65  5:13  Queen  
  65  5:14  Spore Crawler  
  66  5:29  Overlord x3  
  66  5:37  Overlord x2  
  66  5:47  Queen x2  
  70  5:53  Queen  
  72  5:58  Drone x3  
  72  5:59  Extractor  
  72  6:00  Drone x2, Extractor  
  72  6:01  Drone  
  75  6:11  Hydralisk Den  
  75  6:13  Spore Crawler  
  75  6:14  Drone x4  
  75  6:16  Roach x7  
  75  6:18  Overlord  
  91  6:23  Queen  
  93  6:44  Drone  
  93  6:45  Drone x8  
  102  6:48  Overseer  
  102  6:53  Overseer  
  102  6:54  Overseer  
  102  7:06  Drone x10  
  112  7:13  Drone  
  113  7:16  Overlord x2  
  113  7:20  Grooved Spines  
  113  7:24  Evolution Chamber  
  113  7:26  Evolution Chamber  
  109  8:05  Zerg Ground Armor Level 1, Zerg Missile Weapons Level 1  
  109  8:07  Hydralisk x3  
  109  8:08  Hydralisk x7  
  129  8:15  Baneling Nest  
  128  8:21  Drone  
  128  8:22  Extractor  
  128  8:23  Extractor  
  127  8:31  Muscular Augments  
  127  8:35  Hydralisk  
  127  8:38  Overlord x4  
  127  8:39  Overlord x2  
  127  8:40  Overlord x2  
  127  8:41  Overlord x3  
  129  8:56  Hatchery  
  129  8:57  Infestation Pit  
  127  9:18  Centrifugal Hooks  
  127  9:21  Zergling x32  
  143  9:33  Overseer  
  143  9:37  Zergling x2  
  144  9:38  Zergling x2  
  144  9:39  Zergling x2  
  144  9:40  Zergling x2  
  147  9:49  Queen  
  142  10:16  Hydralisk x4  
  142  10:17  Roach x7, Hydralisk x6  
  142  10:18  Roach x3  
  160  10:30  Zergling x10  
  143  10:50  Baneling x2  
  143  10:51  Baneling x8  
  143  10:54  Zerg Missile Weapons Level 2  
  143  10:55  Hydralisk  
  143  10:56  Roach x4, Hydralisk x3  
  127  11:17  Baneling x6  
  127  11:18  Baneling x8  
  100  11:19  Baneling  
  100  11:20  Baneling x6  
  100  11:21  Baneling x7  
  100  11:22  Baneling x4  
  94  11:28  Hydralisk  
  94  11:29  Roach x4, Hydralisk x5  
  94  11:30  Roach x3  
  92  11:57  Roach, Hydralisk x5  
  92  11:58  Roach x5  
  92  11:59  Roach  
  114  12:16  Zerg Melee Weapons Level 1  
  114  12:20  Hatchery  
  113  12:39  Zergling x2  
  113  12:40  Zergling x28  
  113  12:43  Extractor  
  127  12:46  Extractor  
  101  13:07  Zergling x14  
  86  13:14  Baneling x3  
  86  13:15  Baneling x7  
  86  13:16  Baneling x2  
  86  13:18  Hydralisk x4  
  86  13:19  Roach x6  
  85  13:37  Roach, Hydralisk x2  
  85  13:38  Roach x2  
  84  13:50  Overseer  
  84  13:52  Overlord x3  
  78  14:13  Zergling x8  
  68  14:20  Zergling x12  
Show
View Real Time Build Order
Export as new Build Order

ghost Terran - Winner!

Build Orders: Mech 

Get SALT Encoding   

  12  0:04  SCV  
  13  0:15  Supply Depot  
  13  0:18  SCV  
  14  0:26  Refinery  
  14  0:31  SCV  
  15  0:46  Barracks  
  15  0:51  SCV  
  16  1:03  SCV  
  17  1:15  SCV  
  18  1:28  SCV  
  19  1:37  Marine, Supply Depot  
  20  1:54  Supply Depot  
  20  1:55  SCV  
  20  1:58  Barracks Tech Lab  
  21  2:07  Command Center  
  21  2:08  SCV  
  22  2:20  Factory  
  22  2:22  Marine  
  22  2:25  SCV  
  24  2:32  Refinery  
  24  2:42  Orbital Command  
  24  3:12  Refinery, Siege Tank  
  27  3:18  Starport  
  27  3:21  Orbital Command  
  27  3:24  SCV  
  28  3:36  Starport  
  28  3:38  Barracks Tech Lab  
  28  3:40  SCV  
  29  3:52  SCV x2  
  31  4:08  SCV x2  
  31  4:09  Barracks Tech Lab  
  33  4:13  Hyperflight Rotors  
  33  4:18  Banshee  
  33  4:22  SCV  
  33  4:23  SCV  
  38  4:25  Viking  
  40  4:35  SCV x2  
  42  4:39  Refinery  
  42  4:47  SCV x2  
  42  4:50  Siege Tank  
  47  4:59  SCV x2  
  49  5:11  Barracks Tech Lab  
  49  5:12  Barracks Reactor  
  49  5:14  Banshee  
  49  5:16  Cloaking Field  
  52  5:26  Banshee  
  52  5:27  Supply Depot  
  55  5:30  Supply Depot x2  
  55  5:36  Command Center  
  55  5:38  Factory  
  55  5:40  SCV  
  55  5:41  SCV  
  57  5:50  Barracks  
  57  5:51  Barracks  
  57  5:52  Barracks  
  57  5:57  Engineering Bay  
  57  6:13  Banshee  
  57  6:15  Banshee  
  63  6:23  Infernal Pre-Igniter  
  63  6:27  SCV x2  
  63  6:32  Armory  
  65  6:33  Factory Reactor  
  65  6:34  Terran Infantry Weapons Level 1  
  65  6:40  SCV x2  
  65  6:42  Marine  
  65  6:44  Marine  
  65  6:46  Barracks Tech Lab  
  69  6:53  Barracks Tech Lab  
  69  7:00  Barracks Reactor  
  69  7:06  Factory  
  69  7:13  Combat Shield  
  69  7:14  Stimpack  
  73  7:15  Marauder  
  73  7:16  Marine, Marauder  
  73  7:19  Widow Mine  
  76  8:01  Planetary Fortress  
  76  8:05  Refinery  
  76  8:07  Widow Mine x2  
  80  8:14  SCV x2  
  80  8:17  Factory Reactor  
  80  8:19  Marine x2, Marauder x2  
  87  8:20  Marine x2  
  87  8:22  Refinery  
  87  8:25  Medivac x2  
  87  8:26  SCV x2  
  96  8:37  Marine  
  96  8:38  Drilling Claws  
  97  8:44  Supply Depot x2  
  97  8:45  Terran Vehicle And Ship Armor Level 1  
  97  8:52  Marauder x2  
  101  9:05  SCV x2, Marine x2, Terran Infantry Weapons Level 2  
  101  9:06  Thor  
  111  9:15  Hellbat x4  
  119  9:19  Marine x2, Marauder x2  
  119  9:21  Medivac x2  
  119  9:23  Marine x2  
  131  9:28  Engineering Bay  
  131  9:30  Armory  
  131  9:37  Barracks  
  131  9:38  Barracks  
  131  9:39  Supply Depot  
  120  10:43  Marine x4, Marauder x2  
  120  10:44  Thor  
  120  10:45  Hellbat x2  
  120  10:46  Hellbat x2  
  120  10:47  Medivac  
  120  10:49  Terran Vehicle Weapons Level 1  
  140  10:50  Barracks Reactor  
  140  10:51  Barracks Reactor  
  140  10:55  SCV  
  141  11:02  Supply Depot  
  141  11:04  Supply Depot  
  141  11:05  Marine  
  141  11:06  SCV  
  141  11:07  SCV  
  141  11:10  Medivac, Marauder  
  123  11:25  Hellbat x2  
  127  11:27  Thor  
  120  11:52  Marauder  
  120  11:53  Marauder  
  101  11:56  Hellbat x2  
  101  11:57  Banshee x2, Hellbat  
  101  11:59  Marine x3  
  101  12:00  Marine  
  106  12:10  Marine x4, Thor  
  106  12:14  Marauder x2  
  120  12:17  Marine x3  
  123  12:23  SCV x3  
  123  12:25  Factory  
  126  12:35  SCV x2  
  128  12:45  SCV  
  106  13:13  Marine  
  106  13:14  Marine x9  
  106  13:19  Thor  
  116  13:21  Hellbat x4  
  129  13:31  Marine  
  129  13:32  Marine x3  
  131  13:55  SCV x3  
  134  14:01  Hellbat x2  
  134  14:02  Hellbat  
  140  14:05  Marine x2, Marauder x2  
  140  14:06  Marine x4  
  140  14:07  SCV x3  
Tags
 
Composition
MechRoach Hydra
Matchup
TvZ
Spawn Locations
Cross Positions
Add a new tag
Caveats
  • Supply blocks, unpowered buildings, or Contaminate may cause inaccurate times.
  • Supply counts are checked every 10 seconds.